 Dungeon Crawl Stone Soup version 0.21.1-1-g345015f (webtiles) character file.

1054 Kagorn the Cudgeler (level 8, 0/67 HPs)
             Began as a Gargoyle Berserker on June 11, 2018.
             Was a Believer of Trog.
             Slain by a slave (6 damage)
             ... led by Pikel
             ... on level 4 of the Dungeon.
             The game lasted 00:22:37 (3359 turns).

Kagorn the Cudgeler (Gargoyle Berserker)            Turns: 3359, Time: 00:22:38

Health: 0/67       AC: 17    Str: 26    XL:     8   Next: 26%
Magic:  8/8        EV:  9    Int:  8    God:    Trog [**....]
Gold:   164        SH:  0    Dex: 11    Spells: 7/7 levels left

rFire    . . .     SeeInvis .   C - +1 flail (venom)
rCold    + + .     Gourm    .   (no shield)
rNeg     + . .     Faith    .   D - +0 chain mail
rPois    ∞         Spirit   .   q - +0 helmet
rElec    +         Reflect  .   l - +0 cloak
rCorr    .         Harm     .   (no gloves)
MR       +++..                  (no boots)
Stlth    ..........             (no amulet)
HPRegen  1.21/turn              o - ring of protection from cold
MPRegen  0.11/turn              (no ring)

@: berserking, regenerating, very quick
A: cold resistance 1, frail 1, magic resistance 1, negative energy resistance 1,
electricity resistance, unbreathing, petrification resistance, rot immunity, AC
+5
a: Berserk, Trog's Hand, Burn Spellbooks, Renounce Religion


You were on level 4 of the Dungeon.
You worshipped Trog.
Trog was pleased with you.
You were not hungry.

You visited 1 branch of the dungeon, and saw 4 of its levels.

You collected 164 gold pieces.

Inventory:

Hand Weapons
 y - a +0 war axe
 C - a +1 flail of venom (weapon)
Missiles
 A - 4 tomahawks (quivered)
Armour
 l - a +0 cloak (worn)
 q - a +0 helmet (worn)
 D - a +0 chain mail (worn)
Jewellery
 o - a ring of protection from cold (left hand)
Wands
 p - a wand of paralysis (13)
 t - a wand of flame (17)
 x - a wand of enslavement (12)
Scrolls
 d - 3 scrolls of enchant weapon
 e - a scroll of teleportation
 g - 2 scrolls of fog
 h - a scroll of amnesia {unknown}
 j - 3 scrolls of identify
 r - a scroll of fear
Potions
 a - a potion of flight {unknown}
 b - 2 potions of lignification
 f - a potion of curing {unknown}
 i - 3 potions of haste
 v - a potion of heal wounds
Comestibles
 c - 4 rations


   Skills:
 * Level 5.8 Fighting
 * Level 2.6(4.5) Axes
 - Level 6.4(6.7) Maces & Flails
 + Level 4.5 Armour
 + Level 3.1 Dodging
 + Level 1.1 Stealth


You had 7 spell levels left.
You didn't know any spells.

Dungeon Overview and Level Annotations

Branches:
Dungeon (4/15)
 Temple: D:4-7

Altars:

Shops:
D:4 *

Annotations:
D:4 Pikel


Innate Abilities, Weirdness & Mutations

You are resistant to torment.
Your stone body is resilient. (AC +5)
You are immune to poison.
You resist negative energy. (rN+)
You are resistant to electric shocks. (rElec)
You can survive without breathing.
You are immune to petrification.
You are immune to rotting.
Your flesh is cold resistant. (rC+)
You are frail. (-10% HP)
You are resistant to hostile enchantments. (MR+)


Message History

Pikel zaps a wand.
You resist with almost no effort.
You closely miss Pikel.
Pikel is heavily wounded.
The slave closely misses you. The slave completely misses you.
The slave hits you but does no damage. x2
You closely miss Pikel.
Pikel is severely wounded.
Pikel zaps a wand.
You resist with almost no effort. The slave barely misses you.
You closely miss Pikel.
Pikel is severely wounded.
The slave closely misses you. x2; The slave hits you.
* * * LOW HITPOINT WARNING * * *
Pikel zaps a wand.
You resist with almost no effort.
You miss Pikel.
Pikel is severely wounded.
The slave closely misses you. The slave hits you.
* * * LOW HITPOINT WARNING * * *
The slave hits you.
You die...

##.# #.. ....##..
#..# #.# #.....#
#.## #%# #.....
#.# ##.# #.... #.#
####..# ##... ##
#.# #.....# #..
#...#.###.....##
#>.
#...........pp.#
##.
#...........p@.#
#..
#...........pK.#
#####..
#...#..........#
.(......
#...#............
#.......
#####.......>...#.
#.##....
###(..###...# # #
#.... ###.. ....#
....... . .....
.....## ...##


You could see Pikel and 4 slaves.

Vanquished Creatures
  Grinder (D:3)
  The ghost of inc the Digger, an amateur OpEE of Vehumet (D:3)
  Edmund (D:3)
  Menkaure (D:4)
  A sky beast (D:3)
  An ogre (D:4)
  Blork the orc (D:4)
  An iguana (D:4)
  Ijyb (D:3)
  Robin (D:3)
  4 adders
  3 oozes
  An adder zombie (D:3)
  2 worms
  2 dart slugs
  A leopard gecko (D:3)
  2 orcs
  12 bats
  2 giant cockroaches
  16 goblins
  11 hobgoblins
  8 jackals
  3 quokkas
  2 frilled lizards (D:3)
  A jackal skeleton (D:4)
  5 kobolds
  6 rats
91 creatures vanquished.

Notes
Turn   | Place    | Note
-------+----------+-------------------------------------------
     0 | D:1      | Kagorn the Gargoyle Berserker began the quest for the Orb.
     0 | D:1      | Reached XP level 1. HP: 14/14 MP: 1/1
    88 | D:1      | Reached XP level 2. HP: 15/19 MP: 2/2
   444 | D:1      | Reached XP level 3. HP: 24/24 MP: 3/3
   895 | D:2      | Reached ** piety under Trog
  1046 | D:2      | Reached XP level 4. HP: 24/29 MP: 4/4
  1149 | D:2      | Reached skill level 4 in Maces & Flails
  1687 | D:3      | Noticed a sky beast
  1712 | D:3      | Killed a sky beast
  1712 | D:3      | Reached XP level 5. HP: 21/33 MP: 5/5
  1800 | D:3      | Noticed Robin
  1822 | D:3      | Killed Robin
  1822 | D:3      | Reached skill level 5 in Maces & Flails
  1953 | D:3      | Noticed Ijyb
  1976 | D:3      | Killed Ijyb
  1984 | D:3      | Reached XP level 6. HP: 9/39 MP: 6/6
  2304 | D:3      | Noticed inc's ghost (amateur OpEE)
  2322 | D:3      | Killed inc's ghost
  2521 | D:3      | Reached skill level 6 in Maces & Flails
  2937 | D:4      | Noticed Menkaure
  2943 | D:4      | Killed Menkaure
  2943 | D:4      | Reached XP level 7. HP: 44/44 MP: 7/7
  3030 | D:4      | Noticed Edmund
  3031 | D:4      | Noticed Grinder
  3031 | D:4      | Paralysed by Grinder for 6 turns
  3037 | D:4      | Noticed Blork the orc
  3053 | D:3      | Killed Edmund
  3053 | D:3      | Reached skill level 5 in Fighting
  3053 | D:3      | Reached skill level 1 in Axes
  3059 | D:3      | Killed Grinder
  3059 | D:3      | Reached skill level 1 in Stealth
  3059 | D:3      | Reached XP level 8. HP: 33/50 MP: 8/8
  3096 | D:3      | Gained mutation: You are frail. (-10% HP) [potion of mutation]
  3096 | D:3      | Gained mutation: Your flesh is cold resistant. (rC+) [potion of mutation]
  3096 | D:3      | Gained mutation: You are resistant to hostile enchantments. (MR+) [potion of mutation]
  3145 | D:4      | Killed Blork the orc
  3157 | D:4      | Found Gokkaf's Goods Gallery.
  3342 | D:4      | Noticed Pikel
  3359 | D:4      | Slain by a slave

Skill      XL: |  1  2  3  4  5  6  7 |
---------------+----------------------+-----
Fighting       | 4 5 |  5.8
Maces & Flails | 4 5 6 |  6.4
Dodging        | 2 3 |  3.1
Armour         | 3 4 |  4.5
Axes           | 2 |  2.6
Stealth        | 1 |  1.1

Action                   |  1- 3 |  4- 6 |  7- 9 || total
-------------------------+-------+-------+-------++-------
Melee: Mace              |   119 |   180 |    11 ||   310
       War axe           |       |       |    17 ||    17
       Flail             |       |       |    31 ||    31
Invok: Berserk           |       |     5 |     2 ||     7
       Trog's Hand       |       |     5 |     2 ||     7
  Use: Scroll            |       |       |    10 ||    10
       Potion            |       |       |     6 ||     6
  Eat: Chunk             |       |     3 |       ||     3
       Ration            |       |     4 |       ||     4
Armor: Animal skin       |    21 |       |       ||    21
       Ring mail         |    39 |   158 |    17 ||   214
       Chain mail        |       |       |    32 ||    32
Dodge: Dodged            |   107 |   173 |    41 ||   321
